 Dungeon Crawl Stone Soup version 0.26.1-10-gdfb7c7de75 (webtiles) character file.

Game seed: 9918973344834892617

1054 Doot the Destroyer (level 8, -11/43 HPs)
             Began as a Deep Elf Conjurer on Apr 8, 2021.
             Killed from afar by an electric eel (14 damage)
             ... with a bolt of electricity
             ... on level 6 of the Dungeon.
             The game lasted 00:12:05 (6055 turns).

Doot the Destroyer (Deep Elf Conjurer)              Turns: 6055, Time: 00:12:06

Health: -11/43     AC:  3    Str:  4    XL:     8   Next: 5%
Magic:  19/19      EV: 15    Int: 26    God:
Gold:   254        SH:  0    Dex: 21    Spells: 9/20 levels left

rFire    . . .     SeeInvis .   q - +1 falchion of the Walnut {vamp, rC+ Will+ Dex+8 Stlth-} (curse)
rCold    + + .     Faith    .   (no shield)
rNeg     . . .     Spirit   .   a - +0 robe
rPois    .         Reflect  .   f - +0 helmet
rElec    .         Harm     .   (no cloak)
rCorr    .         Rampage  .   (no gloves)
Will     +....                  (no boots)
Stlth    ++........             (no amulet)
HPRegen  0.14/turn              g - ring of protection from cold
MPRegen  0.16/turn              (no ring)

@: no status effects
A: no striking features
a: no special abilities


You were on level 6 of the Dungeon.
You visited 2 branches of the dungeon, and saw 7 of its levels.

You collected 254 gold pieces.

Inventory:

Hand Weapons
 c - a +1 dagger of draining
 q - the cursed +1 falchion of the Walnut (weapon) {vamp, rC+ Will+ Dex+8 Stlth-}
   (You found it on level 5 of the Dungeon)

   It inflicts no extra harm, but heals its wielder when it wounds a living foe.
   It affects your dexterity (+8).
   It protects you from cold.
   It affects your willpower, your defense against some magical effects.
   It makes you less stealthy.
   It has a curse placed upon it.
Armour
 a - a +0 robe (worn)
 f - a +0 helmet (worn)
 t - a cursed +0 leather armour
Jewellery
 g - a ring of protection from cold (left hand)
 n - an uncursed amulet of guardian spirit {unknown}
 p - an uncursed ring of positive energy {unknown}
 r - an uncursed ring of fire {unknown}
Wands
 u - a wand of flame (16)
Scrolls
 b - 4 scrolls of enchant armour {unknown}
 d - 7 scrolls of identify {unknown}
 e - 3 scrolls of immolation {unknown}
 k - 3 scrolls of remove curse {unknown}
 w - a scroll of enchant weapon {unknown}
 x - a scroll of amnesia {unknown}
 y - a scroll of magic mapping {unknown}
 A - 3 scrolls of blinking {unknown}
 C - a scroll of teleportation {unknown}
Potions
 h - a potion of resistance {unknown}
 i - a potion of might {unknown}
 j - a potion of flight {unknown}
 l - a potion of lignification {unknown}
 m - a potion of magic {unknown}
 o - a potion of mutation {unknown}
 s - 3 potions of curing {unknown}
 v - 2 potions of berserk rage {unknown}
 z - a potion of experience {unknown}
 B - a potion of degeneration {unknown}


   Skills:
 + Level 1.4 Fighting
 + Level 0.8(1.6) Short Blades
 + Level 1.9(2.0) Long Blades
 + Level 4.4 Dodging
 + Level 4.2 Stealth
 + Level 6.6 Spellcasting
 + Level 8.1 Conjurations


You had 9 spell levels left.
You knew the following spells:

 Your Spells              Type           Power        Failure   Level
a - Magic Dart            Conj           100%         1%          1
b - Searing Ray           Conj           100%         1%          2
c - Fulminant Prism       Conj/Hex       14%          12%         4
d - Iskenderun's Mystic   Conj/Tloc      29%          12%         4

Your spell library contained the following spells:

 Spells                   Type           Power        Failure   Level
 Dazzling Flash           Conj/Hex       58%          3%          3


Dungeon Overview and Level Annotations

Branches:
Dungeon (6/15)             Temple (1/1) D:5

Altars:
Ashenzari
Cheibriados
Dithmenos
Elyvilon
Fedhas
Gozag
Hepliaklqana
Kikubaaqudgha
Makhleb
Nemelex Xobeh
Okawaru
Qazlal
Ru
Trog
Uskayaw
Vehumet
Wu Jian
Xom
Yredelemnul
Zin
The Shining One

Shops:
D:5 (


Message History

There is a stone staircase leading down here.
An electric eel is nearby!
The electric eel shoots out a bolt of lightning at you!
The bolt of electricity hits the plant!
The plant begins to die.
The bolt of electricity hits you!
Casting: Searing Ray (safe; 1% risk of failure)
Confirm with . or Enter, or press ? or * to list all spells.
Aiming: Searing Ray (safe; 1% risk of failure)
Press: ? - help, Shift-Dir - straight line, f - electric eel
Aim: an electric eel (water, 28% to evade)
Okay, then.
The electric eel shoots out a bolt of lightning at you!
The bolt of electricity hits you!
The electric eel shoots out a bolt of lightning at you!
The bolt of electricity hits the electric eel.
The electric eel completely resists.
The bolt of electricity hits you!
* * * LOW HITPOINT WARNING * * *
The electric eel shoots out a bolt of lightning at you!
The bolt of electricity hits you!
You die...

#≈≈≈..#......†.....#
≈≈≈≈≈.≈.....########.#
≈≈≈≈≈≈≈.....# #.#
##≈≈≈≈≈..P..# #.#
##≈P≈≈≈.≈≈.## ####.#
.P≈≈≈≈≈≈≈..## #....#
..≈≈≈P≈;≈....###>####
.≈≈≈≈≈≈;.≈...#.#####
.≈.≈≈≈≈≈≈≈..@.....#
..≈≈≈≈≈≈P≈.######.#
..≈P≈≈≈≈≈.#
.≈≈≈≈≈≈≈..#
..≈P≈≈≈P≈..
#...≈≈≈≈≈...
...P≈≈.....
..P≈≈≈≈≈≈..
..≈≈≈≈≈≈...#


You could see an electric eel.

Vanquished Creatures
  Sigmund (D:3)
  An ogre (D:6)
  4 bullfrogs (D:6)
  A howler monkey (D:6)
  A hound (D:4)
  2 orc priests (D:4)
  A jelly (D:4)
  A bullfrog skeleton (D:6)
  2 worker ants (D:5)
  A killer bee zombie (D:5)
  A mummy (D:5)
  Robin (D:2)
  3 gnolls (D:2)
  12 adders
  2 shadow imps
  A white imp (D:6)
  An ufetubus (D:5)
  An ooze (D:4)
  2 worms
  2 dart slugs
  3 leopard geckos
  5 orcs
  2 ball pythons (D:3)
  5 giant cockroaches
  19 goblins
  11 hobgoblins
  6 jackals
  8 kobolds
  7 bats
  12 frilled lizards
  2 hobgoblin zombies (D:5)
  A kobold zombie (D:5)
  An orc zombie (D:5)
  9 rats
132 creatures vanquished.

Vanquished Creatures (others)
  3 fulminant prisms
  7 plants (D:6)
10 creatures vanquished.

Grand Total: 142 creatures vanquished

Notes
Turn   | Place    | Note
-------+----------+-------------------------------------------
     0 | D:1      | Doot the Deep Elf Conjurer began the quest for the Orb.
     0 | D:1      | Reached XP level 1. HP: 10/10 MP: 6/6
   444 | D:3      | Reached XP level 2. HP: 15/15 MP: 6/8
   523 | D:3      | Learned a level 2 spell: Searing Ray
   538 | D:3      | Noticed Sigmund
   601 | D:4      | Reached skill level 5 in Conjurations
   644 | D:4      | Reached XP level 3. HP: 19/19 MP: 5/9
   843 | D:4      | Reached XP level 4. HP: 24/24 MP: 6/11
   941 | D:4      | Reached skill level 6 in Conjurations
   941 | D:4      | Reached XP level 5. HP: 14/28 MP: 0/12
  1288 | D:4      | Found a shadowy altar of Dithmenos.
  1369 | D:5      | Entered Level 5 of the Dungeon
  1369 | D:5      | Found a staircase to the Ecumenical Temple.
  1377 | Temple   | Entered the Ecumenical Temple
  1746 | D:5      | Learned a level 4 spell: Fulminant Prism
  1751 | D:5      | Learned a level 4 spell: Iskenderun's Mystic Blast
  2119 | D:5      | Got a polished falchion
  2119 | D:5      | Identified the cursed +1 falchion of the Walnut {vamp, rC+
                  | Will+ Dex+8 Stlth-} (You found it on level 5 of the
                  | Dungeon)
  2184 | D:5      | Reached XP level 6. HP: 32/32 MP: 7/14
  2276 | D:5      | Found Rad Meah's Weapon Shop.
  2691 | D:6      | Reached skill level 7 in Conjurations
  2812 | D:6      | Reached skill level 5 in Spellcasting
  2815 | D:6      | Reached XP level 7. HP: 27/37 MP: 4/16
  3137 | D:2      | Reached skill level 1 in Long Blades
  3236 | D:2      | Noticed Robin
  3395 | D:3      | Found a basalt altar of Yredelemnul.
  3398 | D:3      | Reached skill level 1 in Fighting
  3424 | D:3      | Killed Sigmund
  3848 | D:3      | Found a faded altar of an unknown god.
  5093 | D:2      | Killed Robin
  5926 | D:6      | Reached skill level 8 in Conjurations
  5999 | D:6      | Reached XP level 8. HP: 42/43 MP: 14/19
  6055 | D:6      | Killed from afar by an electric eel

Illustrated notes

Levels and vault maps discovered:
D:1:      lightli_molten_gateway, layout_loops_cross
D:2:      layout_loops_ring, wander_ebering_terrifying_dragon_lair, uniq_robin
D:3:      layout_basic, chequers_ecumenical_altar_simple_redux, serial_rivers,
          chequers_serial_rivers_micro_e, chequers_serial_rivers_small_a,
          chequers_serial_rivers_micro_d, chequers_serial_rivers_room_b,
          chequers_serial_rivers_micro_a, lemuel_statue_altar, uniq_sigmund
D:4:      layout_rooms, grunt_dithmenos_shadows
D:5:      layout_gridville, minmay_temple_entry_drinking_statues, serial_shops,
          kennysheep_little_box, minmay_mini_ossuary
D:6:      layout_basic, chequers_big_river
Temple:   regret_index_temple_sigil_plot

Skill      XL: |  1  2  3  4  5  6  7 |
---------------+----------------------+-----
Conjurations   | 5 6 7 8 |  8.1
Stealth        | 3 4 |  4.2
Dodging        | 3 4 |  4.4
Spellcasting   | 4 5 6 |  6.6
Long Blades    | 1 |  1.9
Fighting       | 1 |  1.4
Short Blades   | |  0.8

Action                   |  1- 3 |  4- 6 |  7- 9 || total
-------------------------+-------+-------+-------++-------
Melee: Unarmed           |     1 |       |       ||     1
       Dagger            |       |     9 |       ||     9
       Falchion          |       |     8 |     9 ||    17
 Cast: Magic Dart        |    31 |    14 |    84 ||   129
       Searing Ray       |     4 |    16 |    22 ||    42
       Fulminant Prism   |       |     1 |     2 ||     3
       Iskenderun's Myst |       |     1 |     1 ||     2
  Use: Potion            |       |     1 |       ||     1
 Stab: Sleeping          |     1 |       |       ||     1
Armor: Robe              |     2 |     6 |     5 ||    13
Dodge: Dodged            |     9 |    31 |    28 ||    68
       Rpst.: Falchion   |       |     1 |    10 ||    11
